 Dungeon Crawl Stone Soup version 0.29.1-15-g9cfb28693d (webtiles) character file.

Game seed: 13559018372272939875

72 buriedalive the Chiller (level 4, -5/24 HPs)
             Began as a Deep Elf Ice Elementalist on Apr 28, 2023.
             Slain by Grinder (8 damage)
             ... on level 3 of the Dungeon.
             The game lasted 00:04:50 (2399 turns).

buriedalive the Chiller (Deep Elf Ice Elementalist) Turns: 2399, Time: 00:04:50

Health: -5/24      AC:  3    Str:  5    XL:     4   Next: 7%
Magic:  11/11      EV: 13    Int: 25    God:
Gold:   130        SH:  0    Dex: 15    Spells: 9/10 levels left

rFire   . . .      SeeInvis +   r - +9 quarterstaff "Gucaaqid" {flame, Int+3}
rCold   . . .      Faith    .   (shield currently unavailable)
rNeg    + . .      Spirit   .   a - +0 robe
rPois   .          Reflect  .   (no helmet)
rElec   .          Harm     .   (no cloak)
rCorr   .          Rampage  .   o - +0 pair of gloves
Will    .....                   (no boots)
Stlth   ++........              s - amulet of the acrobat
HPRegen 0.08/turn               p - ring of see invisible
MPRegen 0.12/turn               v - ring of positive energy

@: on berserk cooldown, slowed, very slow
A: no striking features
a: no special abilities


You were on level 3 of the Dungeon.
You visited 1 branch of the dungeon, and saw 3 of its levels.

You collected 130 gold pieces.

Inventory:

Hand Weapons
 f - a +0 short sword
 r - the +9 quarterstaff "Gucaaqid" (weapon) {flame, Int+3}
   (You found it on level 2 of the Dungeon)

   It burns those it strikes, dealing additional fire damage.
   Int:       It affects your intelligence (+3).
Missiles
 i - 10 stones
 t - 7 poisoned darts
Armour
 a - a +0 robe (worn)
 o - a +0 pair of gloves (worn)
Jewellery
 p - a ring of see invisible (left hand)
 s - an amulet of the acrobat (around neck)
 v - a ring of positive energy (right hand)
Scrolls
 c - a scroll of vulnerability
 d - a scroll of fog {unknown}
 h - 4 scrolls of identify {unknown}
 l - a scroll of silence {unknown}
 n - a scroll of teleportation {unknown}
 q - 2 scrolls of magic mapping {unknown}
 u - a scroll of enchant weapon {unknown}
Potions
 b - a potion of magic
 e - a potion of resistance {unknown}
 g - a potion of berserk rage
 j - 2 potions of brilliance {unknown}
 k - 3 potions of attraction {unknown}
 m - a potion of curing {unknown}


   Skills:
 - Level 0.4 Fighting
 - Level 0.7 Staves
 + Level 2.7 Dodging
 - Level 2.4 Stealth
 + Level 3.9 Spellcasting
 + Level 5.4 Ice Magic


You had 9 spell levels left.
You knew the following spells:

 Your Spells              Type           Power      Damage    Failure   Level
a - Freeze                Ice            100%       1d11      1%          1

Your spell library contained the following spells:

 Spells                   Type           Power      Damage    Failure   Level
 Frozen Ramparts          Ice            64%        1d10      3%          3
 Ozocubu's Armour         Ice            32%        N/A       3%          3
 Apportation              Tloc           8%         N/A       10%         1
 Magic Dart               Conj           16%        1d3       10%         1
 Necrotise                Necr           16%        1d4       10%         1
 Summon Small Mammal      Summ           16%        N/A       10%         1
 Call Imp                 Summ           4%         N/A       14%         2
 Mephitic Cloud           Conj/Pois/Air  4%         N/A       28%         3
 Hailstorm                Conj/Ice       18%        3d6       30%         4


Dungeon Overview and Level Annotations

Branches:
Dungeon (3/15)

Altars:
Gozag

Shops:
D:2 =

Annotations:
D:3 Grinder


Message History

Grinder grins, showing sharp teeth.
Grinder gestures at you.
You are unaffected.
Grinder gestures at you.
You struggle to resist.
Grinder zaps a wand.
The bolt of dispelling energy hits you!
Your magical effects are unravelling.
Ouch! That really hurt!
You feel your willpower return.
Grinder says, "What is the universe for?"
Grinder gestures at you.
You barely resist.
It was a potion of berserk rage.
A red film seems to cover your vision as you go berserk!
You feel yourself moving faster!
You feel mighty!
Grinder blinks!
You feel a strong urge to attack something.
You barely miss Grinder. You sock Grinder! You burn Grinder.
Grinder is moderately wounded.
Grinder gestures at you.
You suddenly lose the ability to move!
Grinder hits you but does no damage. Grinder hits you.
* * * LOW HITPOINT WARNING * * *
You writhe in agony.
* * * LOW HITPOINT WARNING * * *
Grinder gestures at you. You resist with significant effort.
You can move again.
You barely miss Grinder.
Grinder is moderately wounded.
Grinder gestures at you. Pain shoots through your body!
* * * LOW HITPOINT WARNING * * *
You sock Grinder! You burn Grinder.
Grinder is severely wounded.
You are no longer berserk.
You are exhausted.
You feel yourself slow down. Grinder hits you!
You die...

## ###.# ##########
###>..#
_........###......#
<........##....#..#
.........##.. #5.#
............####@.#####
..........#........$....
>........#..............
#.................$.
#...................
+...................
#...................
##+##.........).........
......##...##.#........


You could see Grinder (weak-willed).

Vanquished Creatures
  3 adders
  A worm (D:2)
  6 bats
  3 endoplasms
  2 giant cockroaches
  3 goblins (D:2)
  3 hobgoblins
  4 quokkas
  6 ball pythons
  A frilled lizard (D:1)
  3 kobolds (D:1)
  5 rats
40 creatures vanquished.

Notes
Turn   | Place    | Note
-------+----------+-------------------------------------------
     0 | D:1      | buriedalive the Deep Elf Ice Elementalist began the quest
                  | for the Orb.
     0 | D:1      | Reached XP level 1. HP: 10/10 MP: 6/6
   312 | D:1      | Found a faded altar of an unknown god.
   376 | D:1      | Reached XP level 2. HP: 6/15 MP: 5/8
  1184 | D:1      | Reached skill level 5 in Ice Magic
  1590 | D:2      | Reached XP level 3. HP: 16/19 MP: 5/9
  1786 | D:2      | Found Veyn's Jewellery Shoppe.
  1919 | D:2      | Identified the +9 quarterstaff "Gucaaqid" {flame, Int+3}
  2270 | D:3      | Reached XP level 4. HP: 22/24 MP: 11/11
  2370 | D:3      | Found an opulent altar of Gozag.
  2381 | D:3      | Noticed Grinder
  2382 | D:3      | Paralysed by Grinder for 2 turns
  2394 | D:3      | Paralysed by Grinder for 3 turns
  2399 | D:3      | Slain by Grinder

Illustrated notes

Levels and vault maps discovered:
D:1:      minmay_arrival_stone_box, layout_loops_ring,
          ebering_ecumenical_altar_hall, serial_bayou_lagoon_a
D:2:      layout_rooms, serial_shops, shop
D:3:      layout_rooms, overflow_temple_1_default, serial_shops, shop,
          hangedman_abyss_or_decor_lesser_grid, minmay_liquid_box, uniq_grinder

Skill      XL: |  1  2 |
---------------+-------+-----
Ice Magic      | 5 |  5.4
Fighting       | |  0.4
Staves         | |  0.7
Dodging        | |  2.7
Stealth        | |  2.4
Spellcasting   | |  3.9

Action                   |  1- 3 |  4- 6 || total
-------------------------+-------+-------++-------
Melee: Short sword       |    22 |       ||    22
       Punch             |     2 |       ||     2
       Quarterstaff      |    13 |     8 ||    21
 Cast: Freeze            |    41 |       ||    41
  Use: Scroll            |       |     1 ||     1
       Potion            |       |     1 ||     1
 Stab: Sleeping          |     3 |     1 ||     4
Armor: Robe              |    23 |     1 ||    24
Dodge: Dodged            |    48 |     1 ||    49
